Unix NetHack Version 3.7.0-97 Work-in-progress - last build Feb 8 2024 15:05:57 (6d6cdf8371b60126770a3d7b88910941cb14a054,branch:master). Game began 2024-02-29 08:13:30, ended 2024-02-29 08:54:07. elenmirie, neutral female gnomish Archeologist ------- -------------- |......# |............| |.....|# |............| |.....|#[# |............| |.....| ####.............| ------ ----- -----.- |............| |....|##############....| ## -------.------ |....|# |...| # # ####..>`.-##############....| #### # @ ------ ----- ### #### #i# # # -|------------ ## -.------- |............| ) |....<..| |(...........-### |.......| #####-............| |.......| # -------------- |..x....|0#### --------- Elenmirie the Field Worker St:14 Dx:15 Co:10 In:16 Wi:15 Ch:10 Neutral Dlvl:3 $:28 HP:0(41) Pw:24(24) AC:9 Xp:5/300 T:2609 Burdened Latest messages: You miss the imp. The imp hits! You lash the imp! The imp hits! The imp hits! Are you sure you want to pray? [yn] (n) y You begin praying to Camaxtli. You are surrounded by a shimmering light. The imp starts to attack you, but pulls back. The imp starts to attack you, but pulls back. The imp starts to attack you, but pulls back. You finish your prayer. You feel that Camaxtli is well-pleased. You feel much better. The imp hits! You lash the imp! The imp hits! "Hold! Thy face is a most exquisite torture!" You miss the imp. The imp hits! You miss the imp. The imp hits! The imp hits! You lash the imp! The imp hits! You miss the imp. The imp hits! You miss the imp. The imp hits! "Thinkest thou it shall tickle as I rip out thy lungs?" The imp hits! You miss the imp. The imp hits! "Why search for the Amulet? Thou wouldst but lose it, cretin." You lash the imp. The imp hits! You lash the imp. The imp hits! The imp casts aspersions on your ancestry. The imp hits! You lash the imp! The imp hits! You lash the imp. The imp hits! You die... Do you want your possessions identified? [ynq] (y) y Do you want to see your attributes? [ynq] (y) y Do you want an account of creatures vanquished? [ynaq] (y) y Do you want to see your conduct and achievements? [ynq] (y) y Do you want to see the dungeon overview? [ynq] (y) y Inventory: Coins $ - 28 gold pieces Amulets m - an uncursed amulet of change Weapons y - 44 uncursed +2 darts (at the ready) n - 8 uncursed +0 darts z - 6 cursed -1 darts a - an uncursed +2 bullwhip (weapon in left hand) Armor c - an uncursed +0 fedora (being worn) S - a blessed +0 pair of gauntlets of dexterity b - an uncursed +0 leather jacket (being worn) Comestibles N - 2 uncursed cram rations d - 3 uncursed food rations Rings u - an uncursed ring of cold resistance Wands q - an uncursed wand of teleportation (0:6) Tools w - an uncursed sack containing 12 items x - an uncursed blindfold E - an uncursed brass lantern I - an uncursed stethoscope t - an uncursed tinning kit (0:34) Gems/Stones F - 3 uncursed dilithium crystals g - an uncursed touchstone Contents of the sack: 48 gold pieces an uncursed scroll of enchant weapon a blessed scroll of light an uncursed scroll of taming an uncursed scroll of teleportation a blessed potion of enlightenment 2 uncursed potions of enlightenment an uncursed potion of gain ability an uncursed potion of levitation a blessed potion of oil an uncursed potion of speed an uncursed +0 pick-axe Elenmirie the Archeologist's attributes: Background: You were a Field Worker, a level 5 female gnomish Archeologist. You were neutral, on a mission for Camaxtli who was opposed by Quetzalcoatl (lawful) and Huhetotl (chaotic). You were left-handed. You were in the Dungeons of Doom, on level 3. You entered the dungeon 2609 turns ago. You had 300 experience points, 20 more were needed to attain level 6. Basics: You had 0 out of 41 hit points. You had all 24 energy points (spell power). Your armor class was 9. Your wallet contained 28 zorkmids, and you had 48 more stashed away in your pack. Autopickup was on for '$' plus thrown. Final Characteristics: Your strength was 14 (limit:18/50). Your dexterity was 15 (limit:18). Your constitution was 10 (limit:18). Your intelligence was 16 (limit:19). Your wisdom was 15 (limit:18). Your charisma was 10 (limit:18). Final Status: You weren't hungry. You were burdened; movement was slightly slowed. You were wielding a whip. You were skilled in whip. Final Attributes: You were piously aligned. You were telepathic. You had automatic searching. You had infravision. You were stealthy. You are dead. Miscellaneous: You never encountered a bones level. Total elapsed playing time was 40 minutes and 34 seconds. Major events: Turn 1: elenmirie the neutral female gnomish Archeologist entered the dungeon 516: attained the rank of Field Worker (level 3) 873: entered the Gnomish Mines 1848: reached Mine Town 2609: killed by an imp Vanquished creatures: a fog cloud 2 shriekers 2 giant ants a little dog 2 floating eyes 2 homunculi a giant bat an orc zombie a wererat 6 iguanas an acid blob a gas spore 2 hobgoblins 6 giant rats 2 cave spiders a yellow mold a green mold a gnome zombie 3 geckos 3 jackals 2 foxes 3 kobolds 4 goblins a sewer rat 10 grid bugs 3 bats 6 lichens a kobold zombie 2 newts 72 creatures vanquished. No species were genocided or became extinct. Voluntary challenges: You read items or engraved 1 time. You never engraved Elbereth. You never genocided any monsters. You never polymorphed an object. You used no wishes. Achievements: You attained the rank of Field Worker. You entered the Gnomish Mines. You entered Minetown. You entered a shop. The Dungeons of Doom: levels 1 to 3 Level 1: Level 2: Stairs down to The Gnomish Mines. Level 3: <- You were here. Final resting place for you, killed by an imp. The Gnomish Mines: levels 3 to 5 Level 3: Level 4: Level 5: Game over: ---------- / \ / REST \ / IN \ / PEACE \ / \ | elenmirie | | 76 Au | | killed by an imp | | | | | | | | 2024 | *| * * * | * _________)/\\_//(\/(/\)/\//\/|_)_______ Goodbye elenmirie the Archeologist... You died in The Dungeons of Doom on dungeon level 3 with 1469 points, and 76 pieces of gold, after 2609 moves. You were level 5 with a maximum of 41 hit points when you died.